 Dungeon Crawl Stone Soup version 0.29.1-15-g9cfb28693d (webtiles) character file.

Game seed: 15612349152853473490

122 pokedragonboy the Covered (level 5, -1/33 HPs)
             Began as a Gargoyle Fighter on Mar 12, 2023.
             Slain by a bullfrog (3 damage)
             ... in a sewer.
             The game lasted 00:03:12 (2557 turns).

pokedragonboy the Covered (Gargoyle Fighter)        Turns: 2557, Time: 00:03:13

Health: -1/33      AC: 12    Str: 22    XL:     5   Next: 6%
Magic:  5/5        EV:  6    Int:  8    God:
Gold:   94         SH:  4    Dex:  9    Spells: 4/4 levels left

rFire   . . .      SeeInvis .   a - +0 war axe
rCold   . . .      Faith    .   c - +0 buckler
rNeg    + . .      Spirit   .   b - +0 scale mail
rPois   ∞          Reflect  .   j - +0 helmet
rElec   +          Harm     .   (no cloak)
rCorr   .          Rampage  .   (no gloves)
Will    .....                   (no boots)
Stlth   ..........              (no amulet)
HPRegen 0.11/turn               (no ring)
MPRegen 0.09/turn               (no ring)

@: mighty, constricted, very slow
A: sickness immunity, AC +4, negative energy resistance 1, electricity
resistance, torment resistance 1, petrification resistance
a: no special abilities


You were in a sewer.
You visited 1 branch of the dungeon, and saw 3 of its levels.
You also visited: Sewer.

You collected 94 gold pieces.

Inventory:

Hand Weapons
 a - a +0 war axe (weapon)
Armour
 b - a +0 scale mail (worn)
 c - a +0 buckler (worn)
 i - a scarf of resistance
 j - a +0 helmet (worn)
Scrolls
 f - 2 scrolls of magic mapping
 g - a scroll of poison {unknown}
 m - a scroll of enchant armour {unknown}
Potions
 d - 3 potions of might
 e - a potion of invisibility
 h - a potion of curing {unknown}
 k - a potion of brilliance {unknown}
 l - a potion of heal wounds {unknown}
 n - a potion of mutation {unknown}
 o - a potion of haste {unknown}
 p - a potion of magic {unknown}


   Skills:
 + Level 4.1 Fighting
 * Level 3.4 Axes
 + Level 4.1 Armour
 - Level 3.2 Shields


You had 4 spell levels left.
You didn't know any spells.
Your spell library contained the following spells:

 Spells                   Type           Power      Damage    Failure   Level
 Ozocubu's Armour         Ice            0%         N/A       99%         3
 Ozocubu's Refrigeration  Ice            0%         4d7       100%        7


Dungeon Overview and Level Annotations

Branches:
Dungeon (3/15)              Sewer (1/1)

Altars:
Sif Muna

Annotations:
D:1 1 transporter


Innate Abilities, Weirdness & Mutations

You are immune to sickness and miasma.
Your stone body is resilient. (AC +4)
You are immune to poison.
You resist negative energy. (rN+)
You are resistant to electric shocks. (rElec)
You are resistant to unholy torment.
You are immune to petrification.


Message History

You block the bullfrog's attack.
The ball python bites you but does no damage.
The ball python grabs you. The ball python constricts you.
The bullfrog barely misses you.
The ball python bites you but does no damage.
The adder bites you but does no damage. You block the ball python's attack.
The bullfrog barely misses you. The ball python bites you.
The ball python barely misses you. The ball python constricts you.
The bullfrog releases a deep croak.
The bullfrog hits you. The ball python closely misses you.
The adder bites you but does no damage. The ball python bites you.
You hit the ball python.
The ball python is severely wounded.
You hit the bullfrog. x2; You closely miss the adder.
You barely miss the ball python. You slash the ball python!
You kill the ball python!
You hit the ball python.
You kill the ball python!
The bullfrog hits you.
The bullfrog hits you but does no damage.
The ball python barely misses you. The ball python constricts you.
The adder bites you but does no damage. The bullfrog hits you.
The ball python bites you but does no damage.
You block the bullfrog's attack.
The ball python bites you but does no damage.
The ball python constricts you.
You feel very mighty all of a sudden. The bullfrog completely misses you.
The adder bites you.
* * * LOW HITPOINT WARNING * * *
The ball python bites you.
* * * LOW HITPOINT WARNING * * *
The bullfrog barely misses you.
The bullfrog hits you but does no damage.
The ball python bites you but does no damage.
The ball python constricts you. You block the adder's attack.
Your unstable footing causes you to fumble your attack.
The bullfrog hits you.
* * * LOW HITPOINT WARNING * * *
The ball python barely misses you. The bullfrog hits you.
You die...

#≈≈~~≈≈#
#~†~≈≈≈
#≈~~~≈≈#
#~≈≈≈≈≈
#≈≈~≈~≈#
#~~≈≈≈≈
#~≈~~≈≈#
#≈~.~.≈
#~~≈~≈≈#
#≈...~~
#~.~≈≈≈#
#≈.~..≈
#≈.≈≈≈≈#
#≈≈≈~~~
#≈F≈≈≈≈#
#≈≈~≈≈~
#≈S@S~≈#
#≈≈~~~~
#≈S~F≈≈#
#≈~~~~≈
#≈~~~~≈#
#≈~~≈≈≈
#≈≈~~≈≈#
#≈~~≈≈≈
#~~~#≈≈#
#~~~~≈~
##~..~##
#.~...#
......
#......
......#
##.....
#.....


You could see 2 bullfrogs, an adder and 2 ball pythons.

Vanquished Creatures
  2 adders (Sewer)
  2 river rats (Sewer)
  A worm (D:3)
  22 ball pythons
  4 bats
  2 endoplasms (D:1)
  2 giant cockroaches (D:2)
  4 goblins
  3 hobgoblins
  10 jackals
  2 quokkas
  6 frilled lizards
  4 kobolds
  26 rats
90 creatures vanquished.

Vanquished Creatures (others)
  6 plants (D:2)
6 creatures vanquished.

Grand Total: 96 creatures vanquished

Notes
Turn   | Place    | Note
-------+----------+-------------------------------------------
     0 | D:1      | pokedragonboy the Gargoyle Fighter began the quest for the
                  | Orb.
     0 | D:1      | Reached XP level 1. HP: 14/14 MP: 1/1
   223 | D:1      | Reached XP level 2. HP: 19/19 MP: 2/2
   274 | D:1      | Found a faded altar of an unknown god.
   962 | D:2      | Reached XP level 3. HP: 23/23 MP: 3/3
  1079 | D:2      | Found Kyfocuyl's Jewellery Shop.
  1462 | D:2      | Found a shimmering blue altar of Sif Muna.
  1884 | D:3      | Found a glowing drain.
  1888 | Sewer    | Entered a sewer
  2098 | Sewer    | Reached XP level 4. HP: 24/29 MP: 4/4
  2453 | Sewer    | Reached XP level 5. HP: 28/33 MP: 5/5
  2557 | Sewer    | Slain by a bullfrog

Illustrated notes

Levels and vault maps discovered:
D:1:      spicycebolla_arrival_risky_transporter, layout_loops_ring,
          hellmonk_ecumenical_altar_crossroads
D:2:      layout_loops_cross, basic_altar, serial_shops, shop_fountains,
          serial_forest, infiniplex_forest_straight_5, infiniplex_forest_end_1,
          infiniplex_forest_lined_2, infiniplex_forest_straight_4,
          infiniplex_forest_lined_room_2, infiniplex_forest_lined_2,
          infiniplex_forest_clump_C, infiniplex_forest_lined_2,
          infiniplex_forest_clump_medium, minmay_tripent
D:3:      layout_basic, bloody_makhleb, mainiacjoe_overflow_two_lobes,
          gup_sewer_entry_bowl, minmay_misc_feat_pillars
Sewer:    sewer_minmay_w

Skill      XL: |  1  2  3  4 |
---------------+-------------+-----
Axes           | 2 3 |  3.4
Fighting       | 4 |  4.1
Armour         | 4 |  4.1
Shields        | |  3.2

Action                   |  1- 3 |  4- 6 || total
-------------------------+-------+-------++-------
Melee: War axe           |   129 |    76 ||   205
  Use: Scroll            |     1 |     2 ||     3
       Potion            |     1 |     1 ||     2
Armor: Scale mail        |    98 |    89 ||   187
Dodge: Dodged            |    68 |    81 ||   149
Block: Buckler           |    28 |    29 ||    57
